 Dungeon Crawl Stone Soup version 0.26-a0-662-g8b9c6dab81 (webtiles) character file.

Game seed: 14588845844193983036

92 looop the Digger (level 4, 0/27 HPs)
             Began as an Octopode Earth Elementalist on Oct 9, 2020.
             Slain by an orc wizard
             ... wielding a +0 dagger
              (3 damage)
             ... on level 3 of the Dungeon.
             The game lasted 00:02:47 (2407 turns).

looop the Digger (Octopode Earth Elementalist)      Turns: 2407, Time: 00:02:47

Health: 0/27       AC:  1    Str:  7    XL:     4   Next: 60%
Magic:  1/8        EV: 13    Int: 18    God:
Gold:   135        SH:  0    Dex: 12    Spells: 2/8 levels left

rFire    . . .     SeeInvis .   (no weapon)
rCold    . . .     Faith    .   (no shield)
rNeg     . . .     Spirit   .   (helmet restricted)
rPois    .         Reflect  .   (no amulet)
rElec    .         Harm     .   (no ring)
rCorr    .         Rampage  .   (no ring)
MR       .....                  (no ring)
Stlth    +++.......             (no ring)
HPRegen  0.09/turn              (no ring)
MPRegen  0.11/turn              (no ring)
                                (no ring)
                                (no ring)

@: no status effects
A: almost no armour, stealthy swim, amphibious, 8 rings, constrict 8, camouflage
1, gelatinous body 1
a: no special abilities


You were on level 3 of the Dungeon.
You visited 1 branch of the dungeon, and saw 3 of its levels.

You collected 135 gold pieces.

Inventory:

Missiles
 b - 47 stones (quivered)
Jewellery
 k - an uncursed amulet of the acrobat {unknown}
Scrolls
 a - a scroll of teleportation {unknown}
 d - 2 scrolls of enchant armour {unknown}
 e - a scroll of amnesia {unknown}
 f - 5 scrolls of identify {unknown}
 h - a scroll of magic mapping {unknown}
 i - a scroll of random uselessness {unknown}
 l - a scroll of immolation {unknown}
Potions
 c - a potion of resistance {unknown}
 g - a potion of might {unknown}
 j - a potion of flight {unknown}
 m - a potion of heal wounds {unknown}


   Skills:
 - Level 2.0 Dodging
 - Level 2.6 Stealth
 + Level 2.9 Spellcasting
 - Level 1.0 Transmutations
 * Level 4.6 Earth Magic


You had 2 spell levels left.
You knew the following spells:

 Your Spells              Type           Power        Failure   Level
a - Sandblast             Erth           ###...       2%          1
b - Passwall              Tmut/Erth      ##......     8%          2
c - Stone Arrow           Conj/Erth      ##....       19%         3

Your spell library contained the following spells:

 Spells                   Type           Power        Failure   Level
 Petrify                  Tmut/Erth      ##......     45%         4
 Lee's Rapid Deconstruct  Erth           ###.......   56%         5


Dungeon Overview and Level Annotations

Branches:
Dungeon (3/15)

Altars:


Innate Abilities, Weirdness & Mutations

You cannot wear most types of armour.
You are very stealthy in the water. (Stealth+)
You are amphibious.
You can wear up to eight rings at the same time.
You can use your tentacles to constrict eight enemies at once.
Your skin changes colour to match your surroundings (Stealth+).
Your rubbery body absorbs attacks. (AC +1, EV +1)


Message History

Confirm with . or Enter, or press ? or * to list all spells.
Press: ? - help, Shift-Dir - straight line
b - 49 stones Something hits you.
Casting: Sandblast (safe; 2% risk of failure)
Confirm with . or Enter, or press ? or * to list all spells.
Press: ? - help, Shift-Dir - straight line The blast of sand hits something but does no damage.
b - 48 stones You hear some strange, mumbled words.
A puff of flame appears from out of thin air!
The puff of flame hits you!
* * * LOW HITPOINT WARNING * * *
Casting: Sandblast (safe; 2% risk of failure)
Confirm with . or Enter, or press ? or * to list all spells.
Press: ? - help, Shift-Dir - straight line The blast of sand hits something!
b - 47 stones Something hits you.
You die...

........ ...# .....>..g...#
## ..... ...... ..o. ....
.....# ...#.##.. ....
#......# ##..#
.#......###..# #####
..$.........###......
.........)o){@.......
.##.........###......
.###...####...##......
..................####
..#..............##
..........####.#...###
........#..###.##....####
......####..##.....#....####
...........................#


You could see an orc priest.

Vanquished Creatures
  An adder (D:2)
  An ooze (D:1)
  5 worms
  A dart slug (D:1)
  2 leopard geckos
  2 orcs (D:3)
  9 bats
  2 giant cockroaches
  8 goblins
  4 hobgoblins
  4 jackals (D:1)
  7 kobolds
  3 ball pythons
  4 frilled lizards
  2 rats
55 creatures vanquished.

Notes
Turn   | Place    | Note
-------+----------+-------------------------------------------
     0 | D:1      | looop the Octopode Earth Elementalist began the quest for
                  | the Orb.
     0 | D:1      | Reached XP level 1. HP: 11/11 MP: 3/3
    59 | D:1      | Reached XP level 2. HP: 12/17 MP: 0/5
   488 | D:1      | Reached XP level 3. HP: 21/21 MP: 1/6
  1119 | D:1      | Reached skill level 4 in Earth Magic
  1269 | D:2      | Learned a level 2 spell: Passwall
  1273 | D:2      | Learned a level 3 spell: Stone Arrow
  1646 | D:2      | Reached XP level 4. HP: 27/27 MP: 6/8
  2407 | D:3      | Slain by an orc wizard

Illustrated notes

Levels and vault maps discovered:
D:1:      wander_arrival_desolate, layout_basic, serial_bayou_pond_b,
          minmay_pentomino_u2
D:2:      layout_basic
D:3:      layout_rooms, nicolae_ru_great_annihilating_truth

Skill      XL: |  1  2  3 |
---------------+----------+-----
Earth Magic    | 4 |  4.6
Dodging        | |  2.0
Stealth        | |  2.6
Spellcasting   | |  2.9
Transmutations | |  1.0

Action                   |  1- 3 |  4- 6 || total
-------------------------+-------+-------++-------
Melee: Unarmed           |    48 |    29 ||    77
       Constrict         |    12 |     8 ||    20
       Tentacles         |     8 |     7 ||    15
 Cast: Sandblast         |    33 |    21 ||    54
 Stab: Sleeping          |     5 |     3 ||     8
Armor: Skin              |     9 |     4 ||    13
Dodge: Dodged            |    51 |    11 ||    62

Table legend: (Time is in decaauts)
 A = Elapsed time spent in this place.
 B = Non-inter-level travel time spent in this place.
 C = Inter-level travel time spent in this place.
 D = Time resting spent in this place.
 E = Time spent auto-exploring this place.
 F = Levels seen in this place.
 G = Mean time per level.
                   A        B        C        D        E       F      G
               +--------+--------+--------+--------+--------+-----+--------+
         Total |   2406 |   2359 |     47 |     84 |   1897 |   3 |  802.0 |
       Dungeon |   2406 |   2359 |     47 |     84 |   1897 |   3 |  802.0 |
               +--------+--------+--------+--------+--------+-----+--------+

Top non-repeatable levels by time:
     D:1: 1265 daAuts
     D:2: 850 daAuts
     D:3: 290 daAuts
